 Dungeon Crawl Stone Soup version 0.20-a0-854-g0cc194a (webtiles) character file.

68 Alarkh the Skirmisher (level 4, 35/35 HPs)
             Began as a Demonspawn Fighter on Mar 11, 2017.
             Quit the game on level 3 of the Dungeon.
             The game lasted 00:01:43 (2247 turns).

Alarkh the Skirmisher (Demonspawn Fighter)          Turns: 2247, Time: 00:01:44

Health: 35/35      AC:  6    Str: 17    XL:     4   Next: 1%
Magic:  4/4        EV:  7    Int: 10    God:
Gold:   275        SH:  9    Dex: 12    Spells: 3/3 levels left

rFire    . . .     SeeInvis .   a - +0 long sword
rCold    . . .     Gourm    .   b - +0 scale mail
rNeg     . . .     Faith    .   c - +0 shield
rPois    +         Spirit   .   (no helmet)
rElec    .         Reflect  .   (no cloak)
rCorr    .         Harm     .   (no gloves)
MR       .....                  (no boots)
Stlth    ..........             (no amulet)
Regen    0.2/turn               (no ring)
MPRegen  0.1/turn               s - ring of poison resistance

@: no status effects
A: talons 2
a: no special abilities


You were on level 3 of the Dungeon.
You were not hungry.

You visited 1 branch of the dungeon, and saw 3 of its levels.

You collected 275 gold pieces.

Inventory:

Hand Weapons
 a - a +0 long sword (weapon)
Armour
 b - a +0 scale mail (worn)
 c - a +0 shield (worn)
Jewellery
 n - an uncursed ring of teleportation
 s - a ring of poison resistance (left hand)
Scrolls
 e - a scroll of identify
 h - a scroll of enchant weapon {unknown}
 i - a scroll of teleportation
 j - 2 scrolls of fear {unknown}
 k - a scroll of enchant armour {unknown}
 q - a scroll of magic mapping {unknown}
Potions
 d - 2 potions of might
Comestibles
 f - 3 bread rations
 m - 3 chunks of flesh
 o - 3 fruits
 p - a royal jelly
 r - a meat ration


   Skills:
 + Level 3.4 Fighting
 * Level 2.7 Long Blades
 + Level 2.9 Armour
 + Level 1.0 Dodging
 + Level 3.0 Shields


You had 3 spell levels left.
You didn't know any spells.

Dungeon Overview and Level Annotations

Branches:
Dungeon (3/15)

Altars:
Cheibriados


Innate Abilities, Weirdness & Mutations

You have razor-sharp toenails.


Message History

You feel stronger.
Your demonic ancestry asserts itself...
Your toenails lengthen and sharpen.
d - 2 potions of might (gained 1)
m - 3 chunks of flesh (gained 1)
You see here a dagger. x2
Things that are here:
a short sword; a kobold corpse You see here 19 arrows.
You now have 275 gold pieces (gained 12).
j - 2 scrolls labeled OTSUTT PAIRPHEU (gained 1)
You open the door.
A bat comes into view.
The bat hits you but does no damage. x2
A bat is nearby!
A bat is nearby!
You barely miss the bat. The bat hits you but does no damage.
You block the bat's attack.
You closely miss the bat. The bat hits you but does no damage.
The bat hits you but does no damage.
Are you sure you want to abandon this character and quit the game? (Confirm with "yes".)

#. #. ####### #.
#.....# .###.
#.....# ...)
#.....####+##+##..
#...<.....>....#..
###.................
#.'@..b.............
#.#..............#..
#.####.#####._.+##..
# #+# #....###+
#.#...(.. #.###....
####.# ####. +....#
#. ..###..######.


You could see a bat.

Vanquished Creatures
  An ooze (D:2)
  2 worms (D:2)
  4 dart slugs
  5 bats
  2 giant cockroaches (D:3)
  10 goblins
  5 hobgoblins
  2 jackals (D:2)
  6 frilled lizards
  3 kobolds
  10 rats
  A fungus (D:1)
51 creatures vanquished.

Notes
Turn   | Place    | Note
-------+----------+-------------------------------------------
     0 | D:1      | Alarkh the Demonspawn Fighter began the quest for the Orb.
     0 | D:1      | Reached XP level 1. HP: 18/18 MP: 1/1
   230 | D:1      | Gained mutation: You have sharp toenails. [demonic ancestry]
   230 | D:1      | Reached XP level 2. HP: 24/24 MP: 2/2
  1213 | D:2      | Reached XP level 3. HP: 18/29 MP: 3/3
  1448 | D:2      | Reached skill level 1 in Dodging
  2095 | D:3      | Found a snail-covered altar of Cheibriados.
  2159 | D:3      | Gained mutation: You have razor-sharp toenails. [demonic ancestry]
  2159 | D:3      | Reached XP level 4. HP: 30/35 MP: 4/4
  2247 | D:3      | Quit the game

Vault maps used:
D:1:      dpeg_arrival_short_road, minmay_gold_behind_fungi, minmay_tromino_v4_b
D:2:      minivault_27
D:3:      wad_river_or_something, cheibriados_altar_1, first_bread,
          serial_park_tiny_1, uniq_crazy_yiuf_cottage

Skill      XL: |  1  2  3 |
---------------+----------+-----
Long Blades    | 2 |  2.7
Dodging        | 1 |  1.0
Shields        | 3 |  3.0
Fighting       | |  3.4
Armour         | |  2.9

Action                   |  1- 3 |  4- 6 || total
-------------------------+-------+-------++-------
Melee: Long sword        |   139 |     2 ||   141
       Kick              |    38 |       ||    38
  Use: Potion            |     1 |       ||     1
       Scroll            |     2 |       ||     2
  Eat: Chunk             |     4 |       ||     4
Armor: Scale mail        |    45 |     5 ||    50
Dodge: Dodged            |    39 |       ||    39
Block: Shield            |    41 |     1 ||    42
       Rpst.: Long sword |    14 |       ||    14
